 Dungeon Crawl Stone Soup version 0.20.1-1-g8b1a95d (webtiles) character file.

693 Dreamer the Shield-Bearer (level 7, -11/44 HPs)
             Began as a Formicid Fighter on Sept 19, 2017.
             Mangled by a two-headed ogre
             ... wielding a cursed -3 giant club
              (15 damage)
             ... on level 5 of the Dungeon.
             The game lasted 00:18:32 (3840 turns).

Dreamer the Shield-Bearer (Formicid Fighter)        Turns: 3840, Time: 00:18:32

Health: -11/44     AC: 11    Str: 27    XL:     7   Next: 96%
Magic:  0/7        EV:  7    Int: 10    God:
Gold:   72         SH: 11    Dex: 17    Spells: 6/6 levels left

rFire    + . .     SeeInvis +   a - +0 war axe
rCold    x . .     Gourm    .   c - +0 shield
rNeg     . . .     Faith    .   y - +0 chain mail
rPois    .         Spirit   +   (helmet unavailable)
rElec    .         Reflect  .   d - +0 cloak
rCorr    .         Harm     .   (no gloves)
MR       .....                  (no boots)
Stlth    ..........             x - amulet of guardian spirit
Regen    0.2/turn               e - ring of fire
MPRegen  0.1/turn               o - +3 ring of dexterity

@: mighty
A: permanent stasis, dig shafts and tunnels, four strong arms, antennae 3, thin
skeletal structure 1, agile 1, clever 1, frail 2
a: Dig, Shaft Self


You were on level 5 of the Dungeon.
You were not hungry.

You visited 1 branch of the dungeon, and saw 5 of its levels.

You collected 296 gold pieces.
You spent 224 gold pieces at shops.

Inventory:

Hand Weapons
 a - a +0 war axe (weapon)
Missiles
 r - 46 bolts
Armour
 c - a +0 shield (worn)
 d - a +0 cloak (worn)
 y - a +0 chain mail (worn)
Jewellery
 e - a ring of fire (left hand)
 o - a +3 ring of dexterity (right hand)
 x - an amulet of guardian spirit (around neck)
Scrolls
 g - 7 scrolls of identify {unknown}
 k - 2 scrolls of fear {unknown}
 l - 2 scrolls of amnesia {unknown}
 m - 2 scrolls of random uselessness {unknown}
 s - a scroll of remove curse {unknown}
 v - a scroll of blinking {unknown}
Potions
 h - 4 potions of curing {unknown}
 j - a potion of brilliance {unknown}
 q - 3 potions of heal wounds {unknown}
 t - a potion of resistance
 A - a potion of degeneration {unknown}
Comestibles
 f - 3 bread rations
 i - 4 meat rations
 n - 10 fruits
 w - 2 royal jellies


   Skills:
 + Level 5.4 Fighting
 + Level 4.3 Axes
 + Level 5.5 Armour
 + Level 6.2 Shields


You had 6 spell levels left.
You didn't know any spells.

Dungeon Overview and Level Annotations

Branches:
Dungeon (5/15)
 Temple: D:4-7

Altars:
Elyvilon
Fedhas
Kikubaaqudgha
Ru
Zin

Shops:
D:5 }!

Annotations:
D:5 Prince Ribbit


Innate Abilities, Weirdness & Mutations

You cannot be hasted, slowed, berserked, paralysed or teleported.
You can dig through walls and to a lower floor.
Your four strong arms can wield two-handed weapons with a shield.
You have a pair of large antennae on your head. (SInv)
You have a somewhat thin skeletal structure. (Dex +2, Stealth)
You are agile. (Dex +2)
Your mind is acute. (Int +2)
You are very frail. (-20% HP)


Message History

You feel very mighty all of a sudden. You block the adder's attack.
You slice the adder!!
You kill the adder!
You barely miss the two-headed ogre.
Prince Ribbit croaks regally.
The two-headed ogre hits you with a giant club.
The two-headed ogre hits you with a giant club!
Prince Ribbit blinks!
You slash the two-headed ogre!
The two-headed ogre is lightly wounded.
The two-headed ogre hits you with a giant club.
The two-headed ogre hits you with a giant club!
* * * LOW HITPOINT WARNING * * *
Prince Ribbit blinks!
A leopard gecko zombie comes into view.
Prince Ribbit hits you but does no damage.
The two-headed ogre hits you but does no damage.
The two-headed ogre hits you with a giant club!
You die...

.................. #
#.##.####.#.#.#### .. #.
#.##.####.........
...#.##......†..#.#.####
......#.##.###..........
...........[...#.#.)...
..##.##.H..###......)...
.Z.....OF.......§...[...
..##.##@##.###.##+######
...........# #..........
..##.##.##.# #..........
.. ..##.# #..........
... #.# .###..........
.. #.# .............. .
#.#* ##..........
#.##.######'###### ,
*.........######


You could see a two-headed ogre, a hippogriff, Prince Ribbit and a leopard gecko
zombie.

Vanquished Creatures
  A phantom (D:5)
  A necrophage (D:5)
  An ogre (D:4)
  A bullfrog (D:3)
  An orc priest (D:3)
  Crazy Yiuf (D:4)
  2 hounds
  3 orc wizards
  A worker ant zombie (D:5)
  7 adders
  A shadow imp (D:5)
  2 oozes
  3 worms
  2 dart slugs (D:2)
  3 leopard geckos
  5 orcs
  8 bats
  2 bat zombies (D:2)
  4 giant cockroaches
  4 goblins
  8 hobgoblins
  3 jackals (D:2)
  5 kobolds
  A quokka (D:2)
  5 ball pythons
  4 frilled lizards
  9 rats
88 creatures vanquished.

Notes
Turn   | Place    | Note
-------+----------+-------------------------------------------
     0 | D:1      | Dreamer the Formicid Fighter began the quest for the Orb.
     0 | D:1      | Reached XP level 1. HP: 18/18 MP: 1/1
   136 | D:1      | Reached XP level 2. HP: 24/24 MP: 2/2
   366 | D:1      | Reached skill level 4 in Shields
   383 | D:1      | Reached XP level 3. HP: 29/29 MP: 3/3
   748 | D:2      | Reached XP level 4. HP: 23/36 MP: 4/4
   782 | D:2      | Found a sacrificial altar of Ru.
   858 | D:2      | Reached XP level 5. HP: 32/42 MP: 5/5
   985 | D:2      | Found a blossoming altar of Fedhas.
  1454 | D:2      | Found an ancient bone altar of Kikubaaqudgha.
  1546 | D:3      | Found a glowing silver altar of Zin.
  1628 | D:3      | Noticed a bullfrog
  1637 | D:3      | Killed a bullfrog
  1683 | D:3      | Reached XP level 6. HP: 44/48 MP: 6/6
  1706 | D:3      | Found a white marble altar of Elyvilon.
  1935 | D:3      | Reached skill level 5 in Shields
  2689 | D:4      | Noticed an ogre
  2725 | D:4      | HP: 2/49 [ogre/giant club (7)]
  2727 | D:4      | Killed an ogre
  2727 | D:4      | Reached skill level 5 in Armour
  2727 | D:4      | Reached XP level 7. HP: 2/55 MP: 0/7
  3323 | D:4      | Found a runed door.
  3327 | D:4      | Noticed Crazy Yiuf
  3336 | D:4      | Killed Crazy Yiuf
  3498 | D:5      | Entered Level 5 of the Dungeon
  3544 | D:5      | Found Medenlie's Distillery.
  3559 | D:5      | Reached skill level 5 in Fighting
  3586 | D:5      | Bought a potion of mutation for 112 gold pieces
  3586 | D:5      | Bought a potion of mutation for 112 gold pieces
  3586 | D:5      | Gained mutation: Your mind is acute. (Int +2) [potion of mutation]
  3586 | D:5      | Gained mutation: You passively map a small area around you. [potion of mutation]
  3586 | D:5      | Gained mutation: You have sharp fingernails. [potion of mutation]
  3587 | D:5      | Lost mutation: You have sharp fingernails. [potion of mutation]
  3587 | D:5      | Lost mutation: You passively map a small area around you. [potion of mutation]
  3587 | D:5      | Gained mutation: You are frail. (-10% HP) [potion of mutation]
  3587 | D:5      | Gained mutation: You have large cloven feet. [potion of mutation]
  3587 | D:5      | Gained mutation: You have a somewhat thin skeletal structure. (Dex +2, Stealth) [potion of mutation]
  3588 | D:5      | Lost mutation: You have large cloven feet. [potion of mutation]
  3588 | D:5      | Gained mutation: You are very frail. (-20% HP) [potion of mutation]
  3588 | D:5      | Gained mutation: You are agile. (Dex +2) [potion of mutation]
  3642 | D:5      | Reached skill level 6 in Shields
  3671 | D:5      | Found Pesoraiv's Gadget Shop.
  3720 | D:5      | Noticed Prince Ribbit
  3754 | D:5      | Noticed a two-headed ogre
  3810 | D:5      | Noticed a hippogriff
  3840 | D:5      | Mangled by a two-headed ogre

Skill      XL: |  1  2  3  4  5  6  7 |
---------------+----------------------+-----
Shields        | 4 5 6 |  6.2
Armour         | 4 5 |  5.5
Fighting       | 4 5 |  5.4
Axes           | 3 4 |  4.3

Action                   |  1- 3 |  4- 6 |  7- 9 || total
-------------------------+-------+-------+-------++-------
Melee: War axe           |    81 |   184 |    79 ||   344
 Abil: Dig               |     2 |     1 |       ||     3
  Use: Potion            |       |     1 |     4 ||     5
 Stab: Paralysed         |       |     1 |       ||     1
  Eat: Chunk             |       |     6 |     4 ||    10
Armor: Scale mail        |    45 |    60 |       ||   105
       Chain mail        |       |    17 |    26 ||    43
Dodge: Dodged            |    29 |    57 |    23 ||   109
Block: Shield            |    51 |   130 |    43 ||   224
